 Dungeon Crawl Stone Soup version 0.24-a0-333-g864f2b5 (webtiles) character file.

Game seed: 11321118765265882772

4855 tsouns the Grappler (level 10, 0/88 HPs)
             Began as a Troll Fighter on May 17, 2019.
             Was a Believer of Okawaru.
             Killed from afar by Erica (25 damage)
             ... with a bolt of poison
             ... on level 8 of the Dungeon.
             The game lasted 00:15:46 (6445 turns).

tsouns the Grappler (Troll Fighter)                 Turns: 6445, Time: 00:15:46

Health: 0/88       AC:  7    Str: 28    XL:     10   Next: 25%
Magic:  9/9        EV: 10    Int:  4    God:    Okawaru [**....]
Gold:   621        SH: 11    Dex: 13    Spells: 5/9 levels left

rFire    . . .     SeeInvis .     - Unarmed
rCold    . . .     Gourm    +   b - +0 shield
rNeg     . . .     Faith    .   a - +1 robe
rPois    .         Spirit   .   (helmet restricted)
rElec    .         Reflect  .   (no cloak)
rCorr    .         Harm     .   (gloves unavailable)
MR       +....                  (boots unavailable)
Stlth    +.........             l - amulet of the acrobat
HPRegen  0.64/turn              v - ring of protection from magic
MPRegen  0.11/turn              F - +3 ring of dexterity

@: lethally poisoned (0 -> -1)
A: large, unfitting armour, claws 3, fast metabolism 3, gourmand, regeneration
1, shaggy fur 1, tough skin 3
a: Heroism, Renounce Religion


You were on level 8 of the Dungeon.
You worshipped Okawaru.
Okawaru was pleased with you.
You were completely stuffed.

You visited 2 branches of the dungeon, and saw 9 of its levels.
You also visited: Sewer and Ossuary.

You collected 621 gold pieces.

Inventory:

Missiles
 q - 283 stones (quivered)
 C - a throwing net
 D - 10 boomerangs
 H - 8 javelins
Armour
 a - a +1 robe (worn)
 b - a +0 shield (worn)
Jewellery
 l - an amulet of the acrobat (around neck)
 v - a ring of protection from magic (left claw)
 F - a +3 ring of dexterity (right claw)
Wands
 y - a wand of iceblast (8)
 B - a wand of enslavement (4)
Scrolls
 h - a scroll of enchant weapon
 i - 4 scrolls of teleportation
 j - 6 scrolls of blinking
 m - 2 scrolls of enchant armour
 p - 5 scrolls of remove curse
 r - 4 scrolls of fear
 s - 4 scrolls of amnesia
 t - a scroll of random uselessness
 E - a scroll of identify
Potions
 c - 3 potions of might
 e - 4 potions of resistance
 f - 6 potions of flight
 g - a potion of mutation
 k - 5 potions of curing
 n - 4 potions of heal wounds
 u - 4 potions of invisibility
 w - 3 potions of agility
 x - a potion of haste
 z - 2 potions of berserk rage
 A - a potion of degeneration
 G - 3 potions of brilliance
Comestibles
 d - 16 rations
 I - 2 chunks of flesh


   Skills:
 - Level 2.4 Fighting
 + Level 3.6 Throwing
 - Level 2.4 Dodging
 * Level 7.0 Shields
 + Level 12.1 Unarmed Combat


You had 5 spell levels left.
You knew the following spells:

 Your Spells              Type           Power        Failure   Level  Hunger
a - Animate Skeleton      Necr           N/A          65%         1    ##.....
b - Apportation           Tloc           #.....       65%         1    ##.....
c - Confusing Touch       Hex            #.....       65%         1    ##.....
d - Summon Small Mammal   Summ           #...         65%         1    ##.....

Your spell library contained the following spells:

 Spells                   Type           Power        Failure   Level  Hunger


Dungeon Overview and Level Annotations

Branches:
Dungeon (8/15)             Temple (1/1) D:7
   Lair: D:8-11

Altars:
Ashenzari
Cheibriados
Dithmenos
Elyvilon
Fedhas
Gozag
Hepliaklqana
Kikubaaqudgha
Makhleb
Nemelex Xobeh
Okawaru
Qazlal
Ru
Sif Muna
Trog
Uskayaw
Vehumet
Wu Jian
Xom
Yredelemnul
Zin
The Shining One

Annotations:
D:4 1 runed translucent door, Hylith's ghost, amateur DrTm
D:8 Erica


Innate Abilities, Weirdness & Mutations

You are too large for most types of armour.
You have claws for hands.
Your metabolism is lightning-fast.
You like to eat raw meat.
Your natural rate of healing is unusually fast.
You are covered in fur. (AC +1)
You have extremely tough skin. (AC +3)


Message History

Aiming: Cloud Cone
Press: ? - help, Dir - move target cursor You create a blast of poison gas!
The now-empty wand crumbles to dust.
Something hits you.
* * * LOW HITPOINT WARNING * * *
Something burns you.
* * * LOW HITPOINT WARNING * * *
Unknown command.
You feel better.
You hear some strange, mumbled words.
An orb of energy appears from out of thin air!
The orb of energy hits you!
* * * LOW HITPOINT WARNING * * *
The orb of energy explodes!
You feel better.
You hear some strange, mumbled words.
A bolt of poison appears from out of thin air!
The bolt of poison hits you!!
You are poisoned.
You die...

######### #.......#
#.§@....# #....#
#§{##...# #....#
#§§##'######....####
#§.#....#..#........
#§.#....#..#........
#..#....#..#........
#..#....#..#........
#..#....#'##........
#............####


There were no monsters in sight!

Vanquished Creatures
  A two-headed ogre (D:8)
  Pikel (D:7)
  Joseph (D:8)
  A hippogriff (D:7)
  An ice beast (D:6)
  A slave (D:7)
  3 phantoms
  3 orc warriors
  2 black bears
  4 ogres
  7 centaurs
  A big kobold (Sewer)
  A bullfrog (D:6)
  A water moccasin skeleton (D:6)
  6 scorpions (Ossuary)
  4 crimson imps
  A centaur zombie (D:3)
  2 jellies
  3 hounds
  2 centaur skeletons
  3 orc priests
  A bullfrog skeleton (D:7)
  A human zombie (Ossuary)
  3 iguanas
  4 worker ants
  Natasha (D:2)
  2 orc wizards (D:7)
  2 big kobold zombies (Ossuary)
  A hound skeleton (D:5)
  3 mummies (Ossuary)
  5 adders
  2 scorpion zombies (Ossuary)
  A shadow imp (D:7)
  An ooze (D:7)
  2 adder skeletons
  5 leopard geckos
  37 orcs
  5 giant cockroaches
  4 goblins
  5 hobgoblins
  7 jackals
  8 quokkas
  A ball python (D:3)
  7 bats
  2 frilled lizards
  6 gnoll zombies (Ossuary)
  2 goblin zombies (Ossuary)
  2 hobgoblin zombies (Ossuary)
  6 kobolds
  2 kobold zombies (Ossuary)
  2 orc zombies (Ossuary)
  11 rats
190 creatures vanquished.

Vanquished Creatures (others)
  A slave (D:8)
  A centaur (D:8)
  A leopard gecko zombie (D:8)
3 creatures vanquished.

Grand Total: 193 creatures vanquished

Notes
Turn   | Place    | Note
-------+----------+-------------------------------------------
     0 | D:1      | tsouns the Troll Fighter began the quest for the Orb.
     0 | D:1      | Reached XP level 1. HP: 22/22 MP: 0/0
   236 | D:1      | Reached XP level 2. HP: 27/29 MP: 1/1
   393 | D:1      | Reached skill level 3 in Unarmed Combat
   733 | D:2      | Reached XP level 3. HP: 36/36 MP: 2/2
   975 | D:2      | Found a shimmering altar of Xom.
  1038 | D:2      | Found a shimmering altar of Xom.
  1039 | D:2      | Found a shimmering altar of Xom.
  1039 | D:2      | Found a shimmering altar of Xom.
  1039 | D:2      | Found a shimmering altar of Xom.
  1040 | D:2      | Found a shimmering altar of Xom.
  1149 | D:2      | Reached skill level 4 in Unarmed Combat
  1270 | D:2      | Noticed Natasha
  1275 | D:2      | Killed Natasha
  1275 | D:2      | Reached XP level 4. HP: 42/44 MP: 3/3
  1633 | D:3      | Found a glowing drain.
  1658 | Sewer    | Entered a sewer
  1722 | Sewer    | Noticed a big kobold
  1732 | Sewer    | Killed a big kobold
  1732 | Sewer    | Reached skill level 5 in Unarmed Combat
  1732 | Sewer    | Reached XP level 5. HP: 50/50 MP: 4/4
  1764 | Sewer    | Found a white marble altar of Elyvilon.
  2003 | D:3      | Found a shadowy altar of Dithmenos.
  2006 | D:3      | Found a radiant altar of Vehumet.
  2009 | D:3      | Found a blossoming altar of Fedhas.
  2180 | D:4      | Reached skill level 6 in Unarmed Combat
  2339 | D:4      | Reached XP level 6. HP: 59/59 MP: 5/5
  2397 | D:4      | Found a runed translucent door.
  2399 | D:4      | Noticed Hylith's ghost (amateur DrTm)
  2648 | D:5      | Entered Level 5 of the Dungeon
  2892 | D:5      | Found a sand-covered staircase.
  2992 | Ossuary  | Entered an ossuary
  3103 | Ossuary  | Reached skill level 7 in Unarmed Combat
  3103 | Ossuary  | Reached XP level 7. HP: 58/66 MP: 6/6
  3201 | Ossuary  | Reached skill level 8 in Unarmed Combat
  3336 | D:5      | Learned a level 1 spell: Animate Skeleton
  3338 | D:5      | Learned a level 1 spell: Apportation
  3340 | D:5      | Learned a level 1 spell: Confusing Touch
  3342 | D:5      | Learned a level 1 spell: Summon Small Mammal
  3467 | D:5      | Reached XP level 8. HP: 55/74 MP: 7/7
  3728 | D:6      | Reached skill level 9 in Unarmed Combat
  3807 | D:6      | Reached skill level 5 in Shields
  4398 | D:6      | Reached skill level 10 in Unarmed Combat
  4716 | D:6      | Reached XP level 9. HP: 80/80 MP: 8/8
  5229 | D:7      | Found a staircase to the Ecumenical Temple.
  5259 | Temple   | Entered the Ecumenical Temple
  5454 | Temple   | Became a worshipper of Warmaster Okawaru
  5488 | D:7      | Reached skill level 1 in Throwing
  5490 | D:7      | Reached skill level 11 in Unarmed Combat
  5647 | D:8      | Noticed Pikel
  5655 | D:8      | Noticed a two-headed ogre
  5697 | D:7      | Killed Pikel
  5697 | D:7      | Reached * piety under Okawaru
  5782 | D:8      | Killed a two-headed ogre
  5782 | D:8      | Reached ** piety under Okawaru
  5841 | D:8      | Reached XP level 10. HP: 78/88 MP: 9/9
  6269 | D:8      | Reached skill level 12 in Unarmed Combat
  6314 | D:8      | Noticed Joseph
  6395 | D:8      | Killed Joseph
  6428 | D:8      | Noticed Erica
  6445 | D:8      | Killed from afar by Erica

Levels and vault maps discovered:
D:1:      evilmike_arrival_plus, layout_basic
D:2:      layout_loops_corners, xom_redecorated, kennysheep_donut, uniq_natasha
D:3:      layout_rooms, grunt_temple_overflow_diamond,
          cheibrodos_sewer_entry_drain, grunt_ministairs_9
D:4:      layout_basic, ebering_ghost_reflecting_pool
D:5:      minmay_chambers_of_fours, layout_loops_ring, first_ration,
          nicolae_ossuary_entry_false_entrances, minmay_circle_x
D:6:      layout_layer_cave
D:7:      layout_basic, temple_green
D:8:      layout_gridville, special_room [special_room_orc], uniq_erica,
          uniq_pikel, uniq_joseph
Temple:   eino_narrow_crystal_temple

Skill      XL: |  1  2  3  4  5  6  7  8  9 10 |
---------------+-------------------------------+-----
Unarmed Combat | 3 4 5 6 7 8 10 11 12 | 12.1
Shields        | 3 4 5 6 7 |  7.0
Throwing       | 3 |  3.6
Fighting       | |  2.4
Dodging        | |  2.4

Action                   |  1- 3 |  4- 6 |  7- 9 | 10-12 || total
-------------------------+-------+-------+-------+-------++-------
Melee: Unarmed           |    75 |   183 |   277 |   109 ||   644
Throw: Stone             |       |     2 |       |       ||     2
Evoke: Wand              |       |       |       |     1 ||     1
  Use: Scroll            |       |       |    23 |       ||    23
       Potion            |       |       |       |     3 ||     3
 Stab: Sleeping          |     1 |     1 |       |       ||     2
  Eat: Chunk             |    15 |    19 |    25 |     6 ||    65
Armor: Robe              |    18 |    41 |    45 |    11 ||   115
Dodge: Dodged            |    28 |    48 |    70 |    49 ||   195
Block: Shield            |    29 |    86 |   121 |    33 ||   269

Table legend:
 A = Non-vault XP
 B = Vault XP
 C = Vault XP percentage of total XP
 D = Non-vault monster count
 E = Vault monster count
 F = Vault count percentage of total count
                 A         B        C        D         E       F
            +---------+---------+-------+---------+---------+-------
      Total |    4274 |    2663 |  38.4 |     111 |      78 |  41.3
            +---------+---------+-------+---------+---------+-------
        D:1 |      19 |       0 |   0.0 |       9 |       0 |   0.0
        D:2 |      53 |      35 |  39.8 |      19 |       1 |   5.0
        D:3 |      78 |       8 |   9.3 |      15 |       5 |  25.0
        D:4 |     137 |       0 |   0.0 |       8 |       0 |   0.0
        D:5 |      71 |     426 |  85.7 |       7 |       8 |  53.3
        D:6 |    1347 |       0 |   0.0 |      22 |       0 |   0.0
        D:7 |    1098 |     641 |  36.9 |      23 |       1 |   4.2
        D:8 |    1471 |     847 |  36.5 |       8 |      26 |  76.5
      Sewer |       0 |     106 | 100.0 |       0 |       9 | 100.0
    Ossuary |       0 |     600 | 100.0 |       0 |      28 | 100.0
            +---------+---------+-------+---------+---------+-------
